 Dungeon Crawl Stone Soup version 0.27.1-2-g3b301248ec (webtiles) character file.

Game seed: 16252849641955352899

2024 Crownlay the Fighter (level 9, -2/69 HPs)
             Began as an Octopode Earth Elementalist on Sept 30, 2021.
             Was an Initiate of Vehumet.
             Slain by Harold (19 damage)
             ... on level 7 of the Dungeon.
             The game lasted 00:16:40 (12252 turns).

Crownlay the Fighter (Octopode Earth Elementalist) Turns: 12252, Time: 00:16:41

Health: -2/69      AC:  1    Str:  8    XL:     9   Next: 23%
Magic:  10/16      EV: 13    Int: 26    God:    Vehumet [......]
Gold:   347        SH:  0    Dex: 12    Spells: 14/18 levels left

rFire    . . .     SeeInvis .   u - +0 hand crossbow
rCold    . . .     Faith    .   (no shield)
rNeg     . . .     Spirit   .   (helmet restricted)
rPois    .         Reflect  .   (no amulet)
rElec    .         Harm     .   t - +4 ring of slaying
rCorr    .         Rampage  .   D - +6 ring of intelligence
Will     .....                  (no ring)
Stlth    +++.......             (no ring)
HPRegen  0.21/turn              (no ring)
MPRegen  0.15/turn              (no ring)
                                (no ring)
                                (no ring)

@: marked
A: almost no armour, amphibious, 8 rings, camouflage 1, gelatinous body 1,
(nimble swimmer 1), tentacles
a: Renounce Religion


You were on level 7 of the Dungeon.
You worshipped Vehumet.
Vehumet was noncommittal.
You visited 2 branches of the dungeon, and saw 8 of its levels.
You also visited: Sewer.

You collected 347 gold pieces.

Inventory:

Hand Weapons
 a - a +0 short sword
 u - a +0 hand crossbow (weapon)
Missiles
 b - 40 stones
 j - 36 poisoned darts (quivered)
 o - 5 javelins
 v - 33 bolts (quivered ammo)
Armour
 w - a +0 buckler
Magical Staves
 y - a staff of conjuration
Jewellery
 t - a +4 ring of slaying (left tentacle)
 D - a +6 ring of intelligence (right tentacle)
Wands
 s - a wand of polymorph (11)
 E - a wand of acid (11)
Scrolls
 c - 4 scrolls of enchant armour
 d - 5 scrolls of teleportation
 k - a scroll of magic mapping
 l - a scroll of fog {unknown}
 m - a scroll of brand weapon {unknown}
 p - a scroll of fear {unknown}
 q - 3 scrolls of immolation
 r - 2 scrolls of noise
 A - 2 scrolls of amnesia
 C - a scroll of acquirement {unknown}
Potions
 e - 2 potions of lignification {unknown}
 f - a potion of ambrosia {unknown}
 g - a potion of resistance {unknown}
 h - 2 potions of curing
 i - 2 potions of brilliance {unknown}
 n - a potion of heal wounds {unknown}
 x - a potion of mutation {unknown}
 z - a potion of might {unknown}
 B - a potion of attraction {unknown}


   Skills:
 + Level 9.4 Fighting
 - Level 2.0 Dodging
 - Level 2.6 Stealth
 - Level 4.0 Shields
 - Level 5.0 Spellcasting
 - Level 1.0 Transmutations
 - Level 3.7 Earth Magic


You had 14 spell levels left.
You knew the following spells:

 Your Spells              Type           Power      Damage    Failure   Level
a - Sandblast             Erth           52%        2d12      1%          1
b - Stone Arrow           Conj/Erth      32%        3d9       11%         3

Your spell library contained the following spells:

 Spells                   Type           Power      Damage    Failure   Level
 Beastly Appendage        Tmut           22%        N/A       4%          1
 Passwall                 Tmut/Erth      15%        N/A       4%          2
 Wereblood                Tmut           11%        N/A       8%          2
 Spider Form              Tmut/Pois      4%         N/A       19%         3
 Frozen Ramparts          Ice            12%        1d3       22%         3
 Petrify                  Tmut/Erth      18%        N/A       28%         4
 Passage of Golubria      Tloc           N/A        N/A       58%         4
 Blade Hands              Tmut           5%         N/A       80%         5
 Fireball                 Conj/Fire      3%         3d4       91%         5
 Metabolic Englaciation   Hex/Ice        3%         N/A       91%         5
 Silence                  Hex/Air        3%         N/A       91%         5
 Starburst                Conj/Fire      3%         6d3       100%        6
 Storm Form               Tmut/Air       4%         N/A       100%        7
 Borgnjor's Revivificati  Necr           3%         N/A       100%        8
 Ignition                 Fire           3%         3d4       100%        8
 Lehudib's Crystal Spear  Conj/Erth      8%         10d3      100%        8
 Necromutation            Tmut/Necr      4%         N/A       100%        8
 Death's Door             Necr           3%         N/A       100%        9


Dungeon Overview and Level Annotations

Branches:
Dungeon (7/15)             Temple (1/1) D:4           Sewer (visited)

Altars:
Ashenzari
Dithmenos
Elyvilon
Fedhas
Gozag
Hepliaklqana
Makhleb
Nemelex Xobeh
Qazlal
Sif Muna
Trog
Uskayaw
Vehumet
Wu Jian
Yredelemnul
Zin

Annotations:
D:7 Harold


Innate Abilities, Weirdness & Mutations

You cannot wear most types of armour.
You are amphibious.
You can wear up to eight rings at the same time.
Your skin changes colour to match your surroundings (Stealth+).
Your rubbery body absorbs attacks. (AC +1, EV +1)
((You are camouflaged near water. (Stealth+)))
You have tentacles for arms and can constrict up to eight enemies at once.


Message History

b - 44 stones Harold hits you with a +0 dire flail!!
Casting: Sandblast (safe; 1% risk of failure)
Confirm with . or Enter, or press ? or * to list all spells.
Aiming: Sandblast (safe; 1% risk of failure)
Press: ? - help, Shift-Dir - straight line, f/p - Harold
Aim: Harold, wielding a +0 dire flail, wearing a +3 chain mail of poison resistance and quivering 2 throwing nets (lightly wounded, 91% to hit)
The blast of sand hits Harold but does no damage.
Harold is lightly wounded.
b - 43 stones Harold closely misses you.
Casting: Sandblast (safe; 1% risk of failure)
Confirm with . or Enter, or press ? or * to list all spells.
Aiming: Sandblast (safe; 1% risk of failure)
Press: ? - help, Shift-Dir - straight line, f/p - Harold
Aim: Harold, wielding a +0 dire flail, wearing a +3 chain mail of poison resistance and quivering 2 throwing nets (lightly wounded, 91% to hit)
The blast of sand hits Harold!
Harold is moderately wounded.
b - 42 stones Harold closely misses you.
Casting: Sandblast (safe; 1% risk of failure)
Confirm with . or Enter, or press ? or * to list all spells.
Aiming: Sandblast (safe; 1% risk of failure)
Press: ? - help, Shift-Dir - straight line, f/p - Harold
Aim: Harold, wielding a +0 dire flail, wearing a +3 chain mail of poison resistance and quivering 2 throwing nets (moderately wounded, 91% to hit)
The blast of sand hits Harold but does no damage.
Harold is moderately wounded.
b - 41 stones Harold hits you with a +0 dire flail!
* * * LOW HITPOINT WARNING * * *
Casting: Sandblast (safe; 1% risk of failure)
Confirm with . or Enter, or press ? or * to list all spells.
Aiming: Sandblast (safe; 1% risk of failure)
Press: ? - help, Shift-Dir - straight line, f/p - Harold
Aim: Harold, wielding a +0 dire flail, wearing a +3 chain mail of poison resistance and quivering 2 throwing nets (moderately wounded, 91% to hit)
The blast of sand hits Harold.
Harold is moderately wounded.
b - 40 stones Harold hits you with a +0 dire flail!!
You die...

.......####.#.....#
####....†.#.#.....#
######..#.#.#.....#
........#.#.####..#
#######.#.#.#.....#
........#<#.#.##...#
##########.....#.#.#
............#.#..
###########.#@##.#
#@# .. #.# #o# ..#
... .... .... ......


You could see Harold.

Vanquished Creatures
  2 water moccasins
  A sky beast (D:5)
  2 black bears (D:6)
  2 ogres
  2 centaurs (D:4)
  Blork the orc (D:5)
  3 kobold brigands
  2 bullfrogs (D:7)
  3 scorpions
  A howler monkey (D:6)
  A jelly (D:5)
  2 hounds
  2 iguanas
  Ijyb (D:3)
  A hound skeleton (D:4)
  Robin (D:3)
  A howler monkey skeleton (D:5)
  5 gnolls
  9 adders
  8 river rats
  2 white imps (D:6)
  An adder zombie (D:4)
  3 adder skeletons (D:4)
  4 worms
  3 dart slugs
  13 orcs
  11 ball pythons
  12 endoplasms
  4 giant cockroaches
  14 goblins
  9 hobgoblins
  2 jackals (D:3)
  6 quokkas
  6 bats
  4 frilled lizards
  16 kobolds
  15 rats
175 creatures vanquished.

Vanquished Creatures (others)
  6 fungi (D:2)
  11 plants
17 creatures vanquished.

Grand Total: 192 creatures vanquished

Notes
Turn   | Place    | Note
-------+----------+-------------------------------------------
     0 | D:1      | Crownlay the Octopode Earth Elementalist began the quest
                  | for the Orb.
     0 | D:1      | Reached XP level 1. HP: 11/11 MP: 3/3
   154 | D:1      | Reached skill level 1 in Fighting
   206 | D:1      | Reached XP level 2. HP: 18/18 MP: 5/5
   609 | D:1      | Reached skill level 2 in Fighting
   623 | D:1      | Reached XP level 3. HP: 24/24 MP: 6/6
   922 | D:2      | Found a faded altar of an unknown god.
  1160 | D:2      | Reached XP level 4. HP: 22/30 MP: 6/8
  1871 | D:2      | Reached skill level 3 in Fighting
  2626 | D:3      | Reached XP level 5. HP: 26/36 MP: 3/9
  2676 | D:3      | Found a glowing drain.
  2680 | Sewer    | Entered a sewer
  3073 | Sewer    | Reached skill level 4 in Fighting
  3605 | Sewer    | Noticed a kobold brigand
  3618 | Sewer    | Killed a kobold brigand
  3619 | Sewer    | Reached XP level 6. HP: 19/44 MP: 7/11
  4527 | Sewer    | Reached skill level 5 in Fighting
  4869 | D:3      | Noticed Robin
  4886 | D:3      | Killed Robin
  5392 | D:3      | Noticed Ijyb
  5427 | D:3      | Killed Ijyb
  5527 | D:3      | Reached XP level 7. HP: 49/50 MP: 13/13
  6200 | D:4      | Reached skill level 6 in Fighting
  7233 | D:4      | HP: 2/53 [centaur (2)]
  7716 | D:4      | Learned a level 3 spell: Stone Arrow
  7855 | D:4      | Reached XP level 8. HP: 33/58 MP: 15/15
  8495 | D:4      | Found a staircase to the Ecumenical Temple.
  8557 | Temple   | Entered the Ecumenical Temple
  8732 | Temple   | Became a worshipper of Vehumet
  8946 | D:4      | Found a glowing silver altar of Zin.
  8951 | D:4      | Found a sparkling altar of Nemelex Xobeh.
  8954 | D:4      | Found a shadowy altar of Dithmenos.
  8955 | D:4      | Found a hide-covered altar of Uskayaw.
  9159 | D:5      | Entered Level 5 of the Dungeon
  9300 | D:5      | Reached skill level 1 in Shields
  9426 | D:5      | Reached skill level 7 in Fighting
  9426 | D:5      | Reached skill level 5 in Spellcasting
  9902 | D:5      | Noticed Blork the orc
  9908 | D:5      | Killed Blork the orc
 10613 | D:6      | Got Vaclut's Reference Book on Congealing Shape Shifting
 11471 | D:6      | Reached skill level 8 in Fighting
 11559 | D:6      | Reached XP level 9. HP: 62/67 MP: 11/16
 11830 | D:7      | Reached skill level 9 in Fighting
 12245 | D:7      | Noticed Harold
 12252 | D:7      | Slain by Harold

Illustrated notes

Levels and vault maps discovered:
D:1:      lightli_arrival_maybe_door_vault, layout_rooms
D:2:      layout_basic, shapermc_ecumenical_altar_gd,
          minmay_fractal_squares_gapless_5
D:3:      layout_loops_ring, gup_sewer_entry_spiral, uniq_ijyb, uniq_robin
D:4:      minmay_inner_zag, layout_cave_pools, mainiacjoe_overflow_alcove_3,
          temple_fountains, dk_noncrumbling_3
D:5:      layout_gridville, chequers_hall_statues_wall_a, serial_bayou_ford_a,
          nrook_pool_corridor, kennysheep_boxes, uniq_blork_the_orc
D:6:      layout_basic, kennysheep_windowed_goal
D:7:      layout_basic, overflow_temple_1_default, tso_altar,
          uniq_crazy_yiuf_cottage, uniq_harold
Temple:   nicolae_temple_figure_eight

Skill      XL: |  1  2  3  4  5  6  7  8  9 |
---------------+----------------------------+-----
Fighting       | 1 2 3 4 5 6 8 9 |  9.4
Spellcasting   | 3 4 5 |  5.0
Shields        | 4 |  4.0
Dodging        | |  2.0
Stealth        | |  2.6
Transmutations | |  1.0
Earth Magic    | |  3.7

Action                   |  1- 3 |  4- 6 |  7- 9 || total
-------------------------+-------+-------+-------++-------
Melee: Unarmed           |    10 |       |       ||    10
       Short sword       |    60 |   140 |    48 ||   248
       Constrict         |    19 |    27 |    12 ||    58
       Tentacles         |     9 |    21 |     7 ||    37
 Fire: Hand crossbow     |       |       |    74 ||    74
Throw: Dart              |     6 |    50 |   136 ||   192
       Javelin           |       |     1 |     9 ||    10
 Cast: Sandblast         |    10 |    43 |    82 ||   135
  Use: Potion            |       |       |     2 ||     2
       Scroll            |       |       |     6 ||     6
 Stab: Sleeping          |    13 |     9 |     1 ||    23
Armor: Skin              |     6 |     7 |    12 ||    25
Dodge: Dodged            |    48 |    98 |   117 ||   263
